 Dungeon Crawl Stone Soup version 0.20.0-10-g0535bb4 (webtiles) character file.

16090 Gorglomux the Scorcher (level 12, -11/62 HPs)
             Began as a Deep Elf Fire Elementalist on June 5, 2017.
             Was an Elder of Vehumet.
             Mangled by a white ugly thing (31 damage)
             ... on level 11 of the Dungeon.
             The game lasted 00:25:59 (12699 turns).

Gorglomux the Scorcher (DEFE)                      Turns: 12699, Time: 00:25:59

Health: -11/62     AC:  6    Str:  5    XL:     12   Next: 7%
Magic:  22/36      EV: 18    Int: 26    God:    Vehumet [****..]
Gold:   246        SH:  5    Dex: 15    Spells: 13/29 levels left

rFire    . . .     SeeInvis .   u - +2 dagger (elec)
rCold    . . .     Gourm    +   t - +0 buckler
rNeg     . . .     Faith    .   f - +0 steam dragon scales
rPois    .         Spirit   .   (no helmet)
rElec    .         Reflect  .   j - +0 cloak
rCorr    .         Harm     .   (no gloves)
MR       +....                  (no boots)
Stlth    ++........             s - amulet of the gourmand
Regen    0.2/turn               y - +3 ring of slaying
MPRegen  0.3/turn               U - ring of magical power

@: no status effects
A: no striking features
a: Renounce Religion


You were on level 11 of the Dungeon.
You worshipped Vehumet.
Vehumet was greatly pleased with you.
You were very full.

You visited 2 branches of the dungeon, and saw 12 of its levels.

You collected 526 gold pieces.
You spent 280 gold pieces at shops.

Inventory:

Hand Weapons
 u - a +2 dagger of electrocution (weapon)
Missiles
 Z - 4 throwing nets (quivered)
Armour
 a - a +0 robe
 f - +0 steam dragon scales (worn)
 j - a +0 cloak (worn)
 t - a +0 buckler (worn)
Jewellery
 s - an amulet of the gourmand (around neck)
 x - an uncursed ring of stealth
 y - a +3 ring of slaying (left hand)
 A - a +3 amulet of reflection
 U - a ring of magical power (right hand)
Wands
 L - a wand of lightning (3/15)
 P - a wand of paralysis (12/24)
Scrolls
 h - a scroll of brand weapon {unknown}
 n - a scroll of teleportation {unknown}
 o - a scroll of torment {unknown}
 r - a scroll of fog {unknown}
 v - 3 scrolls of fear
 B - 3 scrolls of amnesia {unknown}
 C - 2 scrolls of noise {unknown}
 G - 3 scrolls of recharging {unknown}
 H - 4 scrolls of remove curse
 I - 2 scrolls of blinking {unknown}
 K - a scroll of random uselessness {unknown}
 M - 7 scrolls of magic mapping
 R - a scroll of identify
 V - a scroll of enchant armour {unknown}
Potions
 i - a potion of agility
 k - a potion of invisibility
 m - a potion of flight {unknown}
 q - 2 potions of resistance
 D - 3 potions of heal wounds
 E - a potion of ambrosia
 F - a potion of magic
 J - a potion of haste
 N - 2 potions of might
 O - 2 potions of brilliance
 Q - 4 potions of curing
 S - 3 potions of mutation {!q}
 X - 2 potions of degeneration
 Y - 2 potions of berserk rage
Books
 b - a book of Flames

   Spells                             Type                      Level
   a - Flame Tongue                   Conjuration/Fire             1
   b - Throw Flame                    Conjuration/Fire             2
   c - Conjure Flame                  Conjuration/Fire             3
   d - Inner Flame                    Hexes/Fire                   3
   e - Sticky Flame                   Conjuration/Fire             4
   f - Fireball                       Conjuration/Fire             5
 l - a book of Minor Magic

   Spells                             Type                      Level
   a - Magic Dart                     Conjuration                  1
   b - Blink                          Translocation                2
   c - Call Imp                       Summoning                    2
   d - Slow                           Hexes                        2
   e - Conjure Flame                  Conjuration/Fire             3
   f - Mephitic Cloud                 Conjuration/Poison/Air       3
 p - a book of Air

   Spells                             Type                      Level
   a - Shock                          Conjuration/Air              1
   b - Swiftness                      Charms/Air                   2
   c - Static Discharge               Conjuration/Air              3
   d - Airstrike                      Air                          4
   e - Lightning Bolt                 Conjuration/Air              5
Miscellaneous
 W - a sack of spiders
Comestibles
 c - 7 bread rations
 g - 4 chunks of flesh
 w - a royal jelly
 z - 9 meat rations
 T - 20 fruits


   Skills:
 + Level 1.7 Fighting
 + Level 9.1 Dodging
 - Level 2.4 Stealth
 - Level 4.2 Shields
 - Level 9.0 Spellcasting
 - Level 8.0 Conjurations
 + Level 15.3 Fire Magic


You had 13 spell levels left.
You knew the following spells:

 Your Spells              Type           Power        Failure   Level  Hunger
a - Flame Tongue          Conj/Fire      #####        1%          1    None
b - Sticky Flame          Conj/Fire      ######..     1%          4    #......
c - Fireball              Conj/Fire      ######....   1%          5    ####...
d - Static Discharge      Conj/Air       ####....     1%          3    None
j - Conjure Flame         Conj/Fire      ######..     1%          3    None


Dungeon Overview and Level Annotations

Branches:
Dungeon (11/15)            Temple (1/1) D:7            Lair (0/6) D:9
    Orc: D:9-12

Altars:
Ashenzari
Cheibriados
Dithmenos
Elyvilon
Fedhas
Gozag
Hepliaklqana
Kikubaaqudgha
Makhleb
Nemelex Xobeh
Qazlal
Ru
Sif Muna
Trog
Uskayaw
Vehumet
Yredelemnul
Zin
The Shining One

Shops:
D:4 =   D:9 !

Annotations:
D:8 exclusion: downstairs


Message History

Aiming: Sticky Flame
Press: ? - help, Shift-Dir - straight line, f/p - white ugly thing
Aim: a white ugly thing (moderately wounded)
The sticky flame hits the white ugly thing.
The white ugly thing is moderately wounded.
The white ugly thing is covered in liquid flames!
The white ugly thing burns!
The white ugly thing kicks you! The white ugly thing freezes you!!
Unknown command.
Casting: Sticky Flame
Confirm with . or Enter, or press ? or * to list all spells.
Aiming: Fireball
Press: ? - help, Shift-Dir - straight line, p - white ugly thing The fireball explodes!
The fireball engulfs the white ugly thing.
The white ugly thing is almost dead.
The white ugly thing burns!
The white ugly thing kicks you! The white ugly thing freezes you!!
Ouch! That really hurt!
You die...

...........
#).........#
#....!.....#
#..........#
#####..........###
.....:............
.......u..........
#.@.........
#........#
#........#
#....รท...#
#..###...# #..#
#...# #..# #...#
######..###...#
..............#


You could see a white ugly thing (burning).

Vanquished Creatures
  Harold (D:10)
  Erica (D:9)
  The ghost of Gorglomux the Martial Artist, a journeyman OpTm of Cheibriados (D:11)
  4 two-headed ogres
  Sonja (D:10)
  Pikel (D:8)
  Joseph (D:8)
  Sigmund (D:2)
  2 hippogriffs
  A wraith (D:5)
  9 yaks (D:10)
  A wyvern (D:7)
  2 hungry ghosts
  A steam dragon (D:11)
  A hell hound (D:9)
  2 black bears (D:6)
  6 orc warriors
  3 slaves (D:8)
  A hornet zombie (D:8)
  3 phantoms
  4 ice beasts
  8 sky beasts
  6 ogres
  A necrophage (D:11)
  A crocodile (D:10)
  2 centaurs
  2 big kobolds
  8 bullfrogs
  A gnoll sergeant (D:7)
  A water moccasin skeleton (D:9)
  4 scorpions
  21 killer bees
  12 wights
  5 howler monkeys
  3 crimson imps
  3 hounds
  4 jellies
  3 quasits
  A gnoll shaman (D:7)
  9 orc priests
  21 orc wizards
  A bullfrog skeleton (D:8)
  Terence (D:2)
  2 iguanas
  7 worker ants
  A killer bee zombie (D:8)
  2 hound zombies
  A hound skeleton (D:4)
  13 gnolls (D:7)
  12 adders
  3 river rats (D:3)
  4 shadow imps
  An ooze (D:5)
  2 adder skeletons
  2 worms
  4 dart slugs
  2 leopard geckos (D:3)
  58 orcs
  8 bats
  6 giant cockroaches
  7 goblins
  6 hobgoblins
  4 jackals (D:8)
  6 quokkas
  2 ball pythons
  3 frilled lizards
  18 kobolds
  A leopard gecko skeleton (D:6)
  A leopard gecko zombie (D:5)
  A quokka skeleton (D:7)
  9 rats
351 creatures vanquished.

Notes
Turn   | Place    | Note
-------+----------+-------------------------------------------
     0 | D:1      | Gorglomux the Deep Elf Fire Elementalist began the quest for the Orb.
     0 | D:1      | Reached XP level 1. HP: 10/10 MP: 6/6
   192 | D:1      | Reached XP level 2. HP: 7/15 MP: 3/9
   879 | D:2      | Reached XP level 3. HP: 19/19 MP: 5/11
   958 | D:2      | Noticed Sigmund
   979 | D:2      | Learned a level 3 spell: Conjure Flame
  1010 | D:2      | Found a bloodstained altar of Trog.
  1121 | D:2      | Noticed Terence
  1143 | D:2      | Killed Terence
  1515 | D:2      | Reached skill level 6 in Spellcasting
  1515 | D:2      | Reached XP level 4. HP: 21/24 MP: 11/14
  1553 | D:2      | Killed Sigmund
  1553 | D:2      | Reached XP level 5. HP: 20/28 MP: 0/17
  1712 | D:2      | Learned a level 4 spell: Sticky Flame
  1963 | D:2      | Found a glowing golden altar of the Shining One.
  2040 | D:3      | Reached XP level 6. HP: 25/32 MP: 8/19
  2187 | D:3      | Reached skill level 9 in Spellcasting
  2606 | D:3      | Reached skill level 4 in Fire Magic
  2806 | D:3      | Found a stormy altar of Qazlal.
  2915 | D:3      | Reached XP level 7. HP: 15/36 MP: 4/21
  3078 | D:4      | Learned a level 5 spell: Fireball
  3116 | D:4      | Found Koerghunk's Jewellery Shoppe.
  3123 | D:4      | Reached skill level 3 in Conjurations
  3516 | D:4      | Found a stormy altar of Qazlal.
  3759 | D:4      | Found an opulent altar of Gozag.
  3984 | D:5      | Entered Level 5 of the Dungeon
  4073 | D:5      | Noticed a wraith
  4102 | D:5      | Killed a wraith
  4102 | D:5      | Reached skill level 5 in Fire Magic
  4771 | D:5      | Reached skill level 6 in Fire Magic
  4771 | D:5      | Reached XP level 8. HP: 41/41 MP: 23/23
  4848 | D:5      | Found a sparkling altar of Nemelex Xobeh.
  5102 | D:6      | Reached skill level 6 in Conjurations
  5104 | D:6      | Reached skill level 7 in Fire Magic
  5255 | D:6      | Found a glowing silver altar of Zin.
  5255 | D:6      | Found a deep blue altar of Sif Muna.
  5261 | D:6      | Found a burning altar of Makhleb.
  5262 | D:6      | Found a sparkling altar of Nemelex Xobeh.
  5263 | D:6      | Found a blossoming altar of Fedhas.
  5360 | D:6      | Reached skill level 8 in Fire Magic
  5500 | D:6      | Reached XP level 9. HP: 45/45 MP: 22/24
  6034 | D:6      | Reached skill level 9 in Fire Magic
  6432 | D:6      | Reached skill level 10 in Fire Magic
  6870 | D:7      | Reached skill level 11 in Fire Magic
  7452 | D:7      | Found a staircase to the Ecumenical Temple.
  7486 | D:7      | Found a shattered altar of Ashenzari.
  7520 | Temple   | Entered the Ecumenical Temple
  7629 | Temple   | Became a worshipper of Vehumet
  7711 | D:7      | Reached XP level 10. HP: 39/50 MP: 25/25
  7920 | D:7      | Found a shadowy altar of Dithmenos.
  8557 | D:8      | Reached skill level 12 in Fire Magic
  8779 | D:8      | Reached * piety under Vehumet
  8779 | D:8      | Offered knowledge of Sting by Vehumet.
  8785 | D:8      | Noticed Pikel
  9343 | D:8      | Reached skill level 13 in Fire Magic
  9427 | D:8      | Killed Pikel
  9543 | D:8      | Noticed Joseph
  9560 | D:8      | Killed Joseph
  9748 | D:7      | Reached ** piety under Vehumet
  9748 | D:7      | Offered knowledge of Searing Ray by Vehumet.
  9788 | D:8      | Noticed a two-headed ogre
  9790 | D:8      | Killed a two-headed ogre
  9790 | D:8      | Reached skill level 14 in Fire Magic
 10066 | D:8      | Noticed a two-headed ogre
 10071 | D:8      | Killed a two-headed ogre
 10105 | D:9      | Noticed a two-headed ogre
 10300 | D:9      | Found a white marble altar of Elyvilon.
 10423 | D:9      | Noticed Erica
 10428 | D:9      | Killed Erica
 10428 | D:9      | Reached skill level 1 in Shields
 10428 | D:9      | Reached XP level 11. HP: 54/54 MP: 10/26
 10683 | D:9      | Found a sacrificial altar of Ru.
 10794 | D:9      | Killed a two-headed ogre
 10794 | D:9      | Reached skill level 6 in Dodging
 10892 | D:9      | Found a staircase to the Lair.
 10945 | D:9      | Learned a level 3 spell: Static Discharge
 11115 | D:9      | Offered knowledge of Stone Arrow by Vehumet.
 11278 | D:9      | Reached *** piety under Vehumet
 11293 | D:9      | Found Xoschaoxa's Distillery.
 11298 | D:9      | Bought a potion of invisibility for 112 gold pieces
 11298 | D:9      | Bought a potion of lignification for 42 gold pieces
 11298 | D:9      | Bought a potion of berserk rage for 70 gold pieces
 11298 | D:9      | Bought a potion of agility for 56 gold pieces
 11405 | D:10     | Entered Level 10 of the Dungeon
 11470 | D:10     | Noticed a two-headed ogre
 11479 | D:10     | Killed a two-headed ogre
 11479 | D:10     | Reached skill level 3 in Shields
 11663 | D:10     | Noticed Sonja
 11667 | D:10     | Killed Sonja
 11667 | D:10     | Offered knowledge of Force Lance by Vehumet.
 11713 | D:10     | Noticed Harold
 11721 | D:10     | Killed Harold
 11723 | D:10     | Reached skill level 15 in Fire Magic
 12105 | D:10     | Reached **** piety under Vehumet
 12124 | D:10     | Reached skill level 1 in Fighting
 12419 | D:10     | Offered knowledge of Ignite Poison by Vehumet.
 12550 | D:11     | Reached XP level 12. HP: 61/61 MP: 27/27
 12555 | D:11     | Reached skill level 9 in Dodging
 12563 | D:11     | Noticed Gorglomux's ghost (journeyman OpTm)
 12574 | D:11     | Killed Gorglomux's ghost
 12699 | D:11     | Mangled by a white ugly thing

Skill      XL: |  1  2  3  4  5  6  7  8  9 10 11 12 |
---------------+-------------------------------------+-----
Spellcasting   | 4 5 6 8 9 |  9.0
Conjurations   | 2 5 7 8 |  8.0
Fire Magic     | 4 6 8 11 14 15 | 15.3
Dodging        | 5 8 9 |  9.1
Shields        | 1 4 |  4.2
Fighting       | 1 |  1.7
Stealth        | |  2.4

Action                   |  1- 3 |  4- 6 |  7- 9 | 10-12 || total
-------------------------+-------+-------+-------+-------++-------
Melee: Dagger            |    17 |    20 |    91 |    64 ||   192
 Cast: Flame Tongue      |    41 |    85 |   134 |   177 ||   437
       Conjure Flame     |     1 |     1 |     1 |    11 ||    14
       Sticky Flame      |       |     5 |    23 |    24 ||    52
       Fireball          |       |       |    36 |    89 ||   125
       Static Discharge  |       |       |       |     4 ||     4
Evoke: Wand              |       |       |       |     1 ||     1
  Use: Scroll            |     3 |     1 |     6 |     3 ||    13
       Potion            |       |     1 |     2 |     1 ||     4
 Stab: Sleeping          |     1 |     2 |     3 |     1 ||     7
       Distracted        |       |       |     1 |       ||     1
  Eat: Chunk             |     2 |     4 |    24 |    45 ||    75
       Fruit             |       |       |     2 |       ||     2
Armor: Robe              |     2 |     8 |    21 |    16 ||    47
       Skin              |       |       |       |    18 ||    18
Dodge: Dodged            |    10 |    33 |    86 |   106 ||   235
Block: Other             |       |       |     9 |       ||     9
       Buckler           |       |       |       |    18 ||    18
